AoeStats
← 黑色的广告

Arena

509383109Analyzed
1v1 RM · 5d ago on Sep 26, 2026· 54m 15s· 2 players
Game mode
Random Map
Map size
Tiny (2 player)
Population
200
Speed
Normal
Resources
Standard
Victory
Conquest
Starting age
Dark Age
Ending age
Imperial Age
RankedLock teamsTeams togetherTeam positionsShared explorationLock speedFull tech treeHidden civsTurbo modeCheats
Victory
Defeat
🇨🇳 Georgians · China
933
+17
🇨🇿 Malians · Czechia
944
-17
黑色的广告
7:21 Loom
11:08 Feudal Age
15:18 Castle Age
16:59 Double-Bit Axe
19:45 Horse Collar
22:57 Bow Saw
23:49 Wheelbarrow
23:14 Fletching
29:15 Imperial Age
27:11 Scale Barding Armor
27:16 Forging
27:18 Gold Mining
27:22 Stone Mining
29:00 Chain Barding Armor
29:39 Bloodlines
29:29 Husbandry
29:52 Heavy Plow
30:53 Loom
31:37 Bodkin Arrow
34:06 Conscription
34:06 Hand Cart
34:59 Plate Barding Armor
35:00 Iron Casting
36:11 Svan Towers
36:23 Bracer
38:17 Chemistry
38:56 Guard Tower
39:17 Masonry
40:19 Keep
40:22 Ballistics
39:32 Elite Monaspa
42:00 Siege Engineers
41:29 Light Cavalry
43:23 Blast Furnace
42:28 Hussar
42:58 Treadmill Crane
46:15 Aznauri Cavalry
47:17 Architecture
47:00 Fortified Wall
47:43 Crop Rotation
50:12 Arrowslits
pocestny
9:03 Loom
10:51 Feudal Age
12:00 Horse Collar
12:10 Double-Bit Axe
12:33 Town Watch
13:15 Gold Mining
19:56 Castle Age
18:45 Scale Mail Armor
19:09 Arson
19:45 Forging
21:43 Town Patrol
23:02 Chain Mail Armor
24:18 Iron Casting
23:49 Squires
24:16 Bow Saw
24:52 Pikeman
27:33 Wheelbarrow
37:47 Imperial Age
37:14 Hand Cart
37:34 Scale Barding Armor
38:55 Conscription
39:16 Plate Mail Armor
41:28 Chemistry
40:52 Ballistics
42:13 Hoardings
43:45 Fletching
46:01 Elite Gbeto
46:44 Farimba
47:16 Chain Barding Armor
47:19 Bodkin Arrow
48:41 Plate Barding Armor
48:21 Fortified Wall
48:07 Murder Holes
49:35 Guilds
50:38 Heavy Plow
53:16 Husbandry
53:28 Bloodlines
Connection lost

Rejoining the realm…

Still unreachable

The connection could not be restored.

Session expired

The server has moved on; the page needs a fresh start.